Map: Bridgehead LE (Void)

Players

Waffles

  • Race: Zerg Zerg
  • League: Gold

Javert - Winner!

  • Race: Zerg Zerg
  • League: Platinum

VOD

Have the link to the VOD?

Description

Time

  • Played on: Aug. 14, 2015, 11:35 p.m.
  • Length: 12:17
Show
View Real Time Build Order
Export as new Build Order

Waffles Zerg 

Build Orders: Hatch First, Lurkers 

Get SALT Encoding   

  12  0:03  Drone  
  13  0:09  Drone  
  13  0:14  Extractor  
  13  0:15  Drone  
  15  0:22  Overlord  
  15  0:47  Hatchery  
  14  0:51  Drone  
  14  0:53  Drone  
  16  1:09  Spawning Pool  
  16  1:11  Drone  
  16  1:15  Drone  
  16  1:17  Drone  
  18  1:20  Extractor  
  18  1:24  Drone  
  18  1:35  Drone  
  19  1:47  Overlord  
  19  1:55  Queen  
  19  1:56  Zergling x2  
  19  1:59  Queen  
  24  2:02  Drone  
  24  2:07  Drone  
  26  2:17  Drone  
  26  2:19  Drone  
  26  2:22  Drone  
  29  2:37  Queen  
  29  2:39  Drone x3  
  34  2:51  Roach Warren  
  33  2:53  Queen  
  33  2:54  Overlord  
  34  3:12  Overlord  
  34  3:19  Queen  
  36  3:39  Roach x8  
  50  4:15  Extractor  
  49  4:24  Drone  
  49  4:25  Drone x2  
  49  4:27  Overlord x2  
  52  4:48  Roach x4  
  52  4:49  Drone, Roach  
  52  4:50  Drone x5  
  52  4:52  Overlord x2  
  68  4:58  Lair  
  68  5:15  Drone  
  68  5:16  Drone x3  
  68  5:18  Drone  
  73  5:33  Drone x2  
  73  5:34  Drone  
  76  5:36  Overlord x2, Extractor x2  
  74  5:50  Drone x2  
  74  5:51  Drone  
  74  5:55  Glial Reconstitution  
  77  6:01  Drone x3  
  77  6:03  Hydralisk Den  
  77  6:19  Lurker Den  
  77  6:28  Hatchery  
  76  6:35  Hydralisk  
  76  6:36  Evolution Chamber, Hydralisk x4, Roach x4  
  76  6:37  Roach  
  76  6:38  Evolution Chamber  
  94  7:01  Hydralisk x2, Roach  
  92  7:02  Roach  
  94  7:15  Hydralisk  
  94  7:16  Roach x2  
  94  7:18  Overlord x3  
  100  7:23  Zerg Missile Weapons Level 1, Zerg Ground Armor Level 1  
  100  7:46  Lurker  
  100  7:49  Hydralisk x4, Roach x2  
  100  7:50  Roach x2  
  117  7:59  Lurker  
  117  8:02  Drone x4  
  122  8:15  Overlord x2  
  122  8:24  Overlord x2  
  122  8:27  Extractor x2  
  121  8:29  Lurker x2  
  121  8:32  Overseer x2  
  122  8:37  Drone x7  
  129  8:42  Muscular Augments  
  129  8:46  Drone x2  
  129  8:55  Drone  
  129  8:56  Drone  
  129  8:57  Lurker  
  129  8:58  Lurker  
  133  9:15  Burrow  
  133  9:21  Tunneling Claws  
  131  9:24  Drone x3  
  131  9:26  Drone  
  131  9:27  Zerg Missile Weapons Level 2  
  135  9:43  Zerg Ground Armor Level 2  
  135  9:50  Drone x2, Hydralisk x2  
  135  9:51  Roach x4  
  149  10:10  Pneumatized Carapace  
  146  10:38  Hydralisk  
  146  10:39  Hydralisk, Roach x2  
  154  10:44  Overlord x3, Roach x17  
  106  11:20  Hydralisk  
  106  11:21  Hydralisk x3, Roach x3  
  106  11:22  Roach x2  
  88  11:36  Hydralisk x5, Roach x2  
  88  11:37  Hydralisk, Roach x6  
  88  11:38  Roach x3  
Show
View Real Time Build Order
Export as new Build Order

Javert Zerg - Winner!

Build Orders: Pool First, Lurkers 

Get SALT Encoding   

  12  0:01  Drone  
  13  0:14  Overlord  
  13  0:20  Drone  
  14  0:33  Drone x2  
  16  0:38  Drone  
  17  0:54  Spawning Pool  
  16  0:59  Drone, Extractor  
  16  1:01  Drone  
  17  1:10  Drone  
  18  1:20  Drone  
  19  1:33  Hatchery, Drone  
  19  1:42  Queen  
  21  1:51  Drone  
  22  2:00  Overlord  
  22  2:07  Metabolic Boost  
  22  2:19  Queen  
  24  2:29  Zergling x6  
  27  2:41  Baneling Nest  
  26  2:44  Drone  
  27  2:53  Drone  
  27  2:54  Drone x4  
  32  3:07  Drone x4  
  36  3:19  Overlord  
  36  3:38  Baneling x2  
  36  3:42  Drone x2  
  36  3:43  Drone x6  
  44  3:51  Overlord  
  41  4:07  Roach Warren  
  41  4:09  Overlord x2  
  40  4:17  Drone x9, Extractor  
  48  4:24  Overlord  
  48  4:28  Extractor  
  48  4:29  Extractor  
  46  4:36  Spine Crawler  
  45  4:43  Lair  
  45  4:47  Roach x7  
  59  4:57  Drone x4  
  63  5:05  Roach  
  65  5:15  Roach  
  67  5:22  Spine Crawler  
  67  5:25  Overlord  
  67  5:26  Ravager  
  67  5:33  Evolution Chamber, Drone  
  67  5:34  Evolution Chamber, Overlord  
  66  5:42  Overlord  
  66  5:43  Glial Reconstitution  
  66  5:47  Overlord x2  
  66  5:48  Overlord, Hydralisk Den  
  67  5:50  Roach x3  
  67  5:53  Ravager x3  
  74  6:07  Lurker Den  
  74  6:13  Overlord  
  74  6:16  Roach  
  74  6:17  Roach x7  
  90  6:21  Hatchery  
  89  6:38  Zerg Missile Weapons Level 1  
  89  6:43  Drone x9  
  89  6:46  Overseer  
  98  6:52  Overlord  
  94  7:10  Hydralisk  
  94  7:11  Hydralisk  
  94  7:12  Hydralisk x5  
  108  7:21  Overlord  
  108  7:25  Overlord  
  108  7:31  Zerg Ground Armor Level 1, Extractor  
  108  7:34  Extractor  
  108  7:36  Overlord  
  106  7:40  Overlord  
  106  7:43  Overseer  
  106  7:55  Lurker x3  
  106  7:57  Overlord  
  109  7:59  Drone x11  
  120  8:08  Drone x3  
  120  8:12  Spine Crawler  
  122  8:25  Lurker x3  
  122  8:26  Lurker  
  126  8:28  Overlord x2  
  126  8:31  Drone x6  
  132  8:36  Zerg Missile Weapons Level 2  
  132  8:39  Overlord  
  132  8:44  Queen  
  134  9:00  Hydralisk  
  134  9:01  Hydralisk x6  
  134  9:02  Hydralisk  
  150  9:08  Overlord  
  150  9:09  Roach x3  
  156  9:32  Overlord x2  
  158  9:38  Roach  
  158  9:39  Roach x9  
  158  9:41  Drone  
  158  9:45  Overseer  
  177  9:59  Lurker x5  
  182  10:30  Lurker  
  182  10:31  Lurker x2  
  185  10:40  Infestation Pit  
  184  10:46  Hydralisk x3, Extractor x2  
  184  10:47  Hydralisk x5  
  184  10:48  Hatchery  
  176  11:06  Roach x10  
  176  11:07  Roach x3  
Tags
 
Add a new tag
Caveats
  • Supply blocks, unpowered buildings, or Contaminate may cause inaccurate times.
  • Supply counts are checked every 10 seconds.